 Dungeon Crawl Stone Soup version 0.18-a0-1784-ga939a68 (webtiles) character file.

23195 Ijustatesigmund the Grappler (level 12, 0/123 HPs)
             Began as a Troll Hunter on Apr 18, 2016.
             Was a High Priest of Okawaru.
             Slain by a yak (4 damage)
             ... on level 4 of the Lair of Beasts.
             The game lasted 00:43:52 (13217 turns).

Ijustatesigmund the Grappler (Troll Hunter)        Turns: 13217, Time: 00:43:53

Health: 0/123      AC:  7    Str: 25    XL:     12   Next: 69%
Magic:  17/17      EV: 15    Int:  5    God:    Okawaru [*****.]
Gold:   1018       SH:  0    Dex: 19    Spells: 0 memorised, 11 levels left

rFire  + . .     SeeInvis .       - Unarmed
rCold  . . .     Gourm    +     p - +2 robe {rN+}
rNeg   + . .     Faith    +     (no shield)
rPois  .         Spirit   .     (helmet restricted)
rElec  .         Dismiss  .     (no cloak)
rCorr  +         Reflect  .     (gloves unavailable)
SustAt .         Harm     .     (boots unavailable)
MR     .....                    S - amulet of faith
Stlth  ++........               w - ring of Qofaac {rF+ Dex+5}
                                Q - ring of resist corrosion

@: lethally poisoned (0 -> -2), about to teleport, not resistant to hostile
enchantments, unstealthy
A: unfitting armour, claws 3, dopey 1, fast metabolism 3, gourmand, regeneration
2, shaggy fur 1, strong 1, tough skin 2
a: Heroism, Finesse, Renounce Religion


You were on level 4 of the Lair of Beasts.
You worshipped Okawaru.
Okawaru was extremely pleased with you.
You were very full.

You visited 4 branches of the dungeon, and saw 18 of its levels.
You also visited: Bailey.

You collected 1180 gold pieces.
You spent 162 gold pieces at shops.

Inventory:

Hand Weapons
 x - the +1 quarterstaff "Qehuudy" {antimagic, rPois}
   (Okawaru gifted it to you on level 1 of the Lair of Beasts)

   It disrupts the flow of magical energy around spellcasters and certain
   magical creatures (including the wielder).
   It protects you from poison.
Missiles
 c - 5 large rocks (quivered)
 d - 4 throwing nets
 I - 11 steel javelins
Armour
 p - a +2 robe of positive energy (worn)
Jewellery
 k - an uncursed amulet of magic regeneration
 m - an uncursed ring of protection from magic
 o - an uncursed ring of magical power
 w - the ring of Qofaac (right claw) {rF+ Dex+5}
   (You found it on level 6 of the Dungeon)

   [ring of dexterity]

   It affects your dexterity (+5).
   It protects you from fire.
 B - an uncursed ring of wizardry
 E - an uncursed ring of see invisible
 Q - a ring of resist corrosion (left claw)
 S - an amulet of faith (around neck)
Wands
 i - a wand of acid (12/15)
 v - a wand of random effects (13/48)
 y - a wand of iceblast (3/15)
 D - a wand of paralysis (13/24)
 N - a wand of slowing (19/48)
Scrolls
 e - 6 scrolls of amnesia
 n - a scroll of recharging
 r - 3 scrolls of enchant weapon
 u - 4 scrolls of teleportation
 F - a scroll of brand weapon
 G - 5 scrolls of remove curse
 K - a scroll of fog
 L - 3 scrolls of identify
 R - 2 scrolls of enchant armour
 T - 2 scrolls of magic mapping {unknown}
Potions
 b - 2 potions of haste
 g - 3 potions of resistance
 h - 2 potions of might
 l - 5 potions of ambrosia
 q - a potion of invisibility
 s - 2 potions of curing
 t - a potion of heal wounds
 z - 2 potions of cancellation
 A - a potion of agility
 J - a potion of brilliance
 O - a potion of flight
 P - a potion of cure mutation
Comestibles
 a - 5 meat rations
 f - 5 bread rations
 j - 7 fruits
 C - 6 royal jellies
 H - 11 chunks of flesh
 M - a slice of pizza


   Skills:
 + Level 9.2 Fighting
 - Level 2.2 Staves
 - Level 8.6 Throwing
 - Level 7.3 Dodging
 + Level 2.1 Stealth
 + Level 11.5 Unarmed Combat
 - Level 8.0 Invocations


You had 11 spell levels left.
You didn't know any spells.

Dungeon Overview and Level Annotations

Branches:
Dungeon (11/15)            Temple (1/1) D:6            Lair (4/8) D:9
  Swamp (0/4) Lair:4          Orc (2/2) D:11
  Snake: Lair:3-6    Spider: Lair:3-6       Elf: Orc:2

Altars:
Ashenzari
Cheibriados
Dithmenos
Elyvilon
Fedhas
Gozag
Kikubaaqudgha
Makhleb
Nemelex Xobeh
Okawaru
Pakellas
Qazlal
Ru
Sif Muna
Trog
Vehumet
Xom
Yredelemnul
Zin
The Shining One

Shops:
D:4 [   Orc:1 *

Annotations:
D:9 2 runed doors
Orc:2 barb4r1an's ghost, journeyman MiBe


Innate Abilities, Weirdness & Mutations

You are too large for most types of armour.
You have claws for hands.
Your metabolism is lightning-fast.
You like to eat raw meat.
You heal very quickly.
You are covered in fur (AC +1).
You have very tough skin (AC +2).
You are dopey. (Int -2)
Your muscles are strong. (Str +2)


Message History

* * * LOW HITPOINT WARNING * * *
The yak gores you!!
* * * LOW HITPOINT WARNING * * *
The yak gores you!
* * * LOW HITPOINT WARNING * * *
Drink which item? (? for menu, Esc to quit)
You feel much better.
You feel sick.
The black mamba bites you but does no damage.
The yak gores you but does no damage. The black mamba bites you!
* * * LOW HITPOINT WARNING * * *
The yak closely misses you. The yak barely misses you.
The yak closely misses you.
Read which item? (? for menu, Esc to quit)
As you read the scroll of teleportation, it crumbles to dust.
You feel strangely unstable.
You feel sick. The black mamba bites you!
* * * LOW HITPOINT WARNING * * *
The yak gores you!
* * * LOW HITPOINT WARNING * * *
The yak gores you.
You die...

..............
.................
.................. .
.....>............ ...
###.............P..
#...#.#......#.#.......
......YY................
......Y@................
......SY............#.#
#...##.##.##.#...##..#
#.. #....##.#..###.## .
............#...#
....<.............#
......##........§.##
....... #...P#.†.§§§#
##..........####§§§##


You could see a black mamba and 4 yaks.

Vanquished Creatures
  A fire giant (D:10)
  A stone giant (Orc:2)
  A hydra (Lair:2)
  Harold (D:11)
  An unseen horror (D:11)
  A hill giant (D:9)
  A deep elf mage (D:10)
  A cyclops (D:9)
  Joseph (D:7)
  4 black mambas
  4 spiny frogs
  A komodo dragon (Lair:1)
  A queen bee (D:8)
  3 trolls
  Prince Ribbit (D:7)
  A shadow (D:11)
  A wraith (D:10)
  25 yaks
  Sigmund (D:2)
  2 basilisks
  A wyvern (D:10)
  2 hippogriffs
  A warg (Orc:1)
  Menkaure (D:5)
  2 water moccasins
  5 porcupines
  8 orc warriors
  4 phantoms
  2 ice beasts
  A necrophage (D:10)
  5 centaurs
  7 ogres
  9 crocodiles
  3 wolves (Lair:3)
  5 big kobolds
  13 giant frogs
  Blork the orc (D:6)
  3 scorpions
  23 killer bees
  6 wights
  7 howler monkeys
  4 crimson imps
  A giant frog zombie (D:11)
  A centaur skeleton (D:9)
  7 hounds
  2 orc priests
  A jelly (D:9)
  10 orc wizards
  2 giant frog skeletons
  3 iguanas
  An iron imp (D:5)
  Jessica (D:2)
  Ijyb (D:3)
  Terence (D:2)
  8 worker ants
  4 sheep (Lair:3)
  A hound zombie (D:9)
  7 gnolls
  10 adders
  26 river rats
  2 shadow imps
  An ooze (D:4)
  2 adder zombies
  2 adder skeletons (D:9)
  3 dart slugs
  3 worms
  4 giant geckos
  34 orcs
  A ball python (D:4)
  4 bats
  5 giant cockroaches
  8 hobgoblins
  25 jackals
  4 quokkas
  A giant gecko skeleton (D:4)
  5 giant newts
  10 goblins
  34 kobolds
  A quokka skeleton (D:10)
  6 rats
408 creatures vanquished.

Vanquished Creatures (collateral kills)
  An orc priest (Orc:1)
  An orc (Orc:1)
2 creatures vanquished.

Vanquished Creatures (others)
  A giant newt (D:2)
1 creature vanquished.

Grand Total: 411 creatures vanquished

Notes
Turn   | Place    | Note
--------------------------------------------------------------
     0 | D:1      | Ijustatesigmund the Troll Hunter began the quest for the Orb.
     0 | D:1      | Reached XP level 1. HP: 19/19 MP: 0/0
    68 | D:1      | Reached skill level 1 in Unarmed Combat
   156 | D:1      | Reached XP level 2. HP: 26/27 MP: 1/1
   191 | D:1      | Reached skill level 2 in Unarmed Combat
   443 | D:2      | Found a radiant altar of Vehumet.
   443 | D:2      | Noticed Sigmund
   453 | D:2      | Killed Sigmund
   453 | D:2      | Reached skill level 4 in Unarmed Combat
   453 | D:2      | Reached XP level 3. HP: 33/36 MP: 2/2
   453 | D:2      | Reached XP level 4. HP: 41/44 MP: 3/3
   453 | D:2      | Reached XP level 5. HP: 47/50 MP: 4/4
   599 | D:2      | Noticed Jessica
   608 | D:2      | Killed Jessica
   683 | D:2      | Reached skill level 5 in Dodging
   683 | D:2      | Reached skill level 8 in Unarmed Combat
   683 | D:2      | Reached XP level 6. HP: 68/68 MP: 5/5
   839 | D:2      | Found an oddly glowing altar of Pakellas.
   853 | D:2      | Found a burning altar of Makhleb.
   853 | D:2      | Noticed a balrug
   856 | D:2      | Noticed a hellwing
   856 | D:2      | Noticed an orange demon
   896 | D:2      | Noticed Terence
   898 | D:2      | Killed Terence
   937 | D:2      | Found a blossoming altar of Fedhas.
  1488 | D:3      | Noticed Ijyb
  1505 | D:3      | Killed Ijyb
  1505 | D:3      | Reached XP level 7. HP: 72/76 MP: 6/6
  2260 | D:4      | Found a shadowy altar of Dithmenos.
  2393 | D:4      | Found Morucoe's Armour Shoppe.
  2692 | D:5      | Entered Level 5 of the Dungeon
  2954 | D:5      | Found a snail-covered altar of Cheibriados.
  2956 | D:5      | Noticed Menkaure
  2969 | D:5      | Killed Menkaure
  2969 | D:5      | Reached XP level 8. HP: 40/87 MP: 7/7
  3486 | D:6      | Noticed Blork the orc
  3492 | D:6      | Killed Blork the orc
  3512 | D:6      | Reached skill level 9 in Unarmed Combat
  3755 | D:6      | Found a staircase to the Ecumenical Temple.
  3764 | D:6      | Got a transparent bone ring
  3765 | D:6      | Identified the ring of Qofaac {rF+ Dex+5} (You found it on level 6 of the Dungeon)
  3798 | Temple   | Entered the Ecumenical Temple
  3820 | Temple   | Became a worshipper of Warmaster Okawaru
  3969 | D:6      | Found a white marble altar of Elyvilon.
  4190 | D:6      | Found an oddly glowing altar of Pakellas.
  4522 | D:7      | Reached skill level 5 in Throwing
  4522 | D:7      | Reached XP level 9. HP: 41/93 MP: 8/8
  4707 | D:7      | Noticed Prince Ribbit
  4714 | D:7      | Killed Prince Ribbit
  4733 | D:7      | Noticed Joseph
  4742 | D:7      | Killed Joseph
  4785 | D:7      | Reached * piety under Okawaru
  4907 | D:7      | Found a flagged portal.
  4930 | Bailey   | Entered a bailey
  4940 | Bailey   | Noticed an orc warlord
  5090 | Bailey   | Found a runed gate.
  5105 | Bailey   | Found a runed gate.
  5107 | Bailey   | Found a runed gate.
  5468 | D:8      | Noticed a queen bee
  5477 | D:8      | Killed a queen bee
  5658 | D:8      | Reached ** piety under Okawaru
  5783 | D:8      | Reached XP level 10. HP: 97/102 MP: 9/9
  5806 | D:8      | Reached skill level 10 in Unarmed Combat
  6586 | D:9      | Reached *** piety under Okawaru
  6597 | D:9      | Found a staircase to the Lair.
  6726 | D:9      | Found a large runed door.
  6742 | D:9      | Found a large runed door.
  6951 | D:9      | Found a large runed door.
  6951 | D:9      | Found a large runed door.
  6964 | D:9      | Received a gift from Okawaru
  6972 | D:9      | Noticed a cyclops
  6983 | D:9      | Killed a cyclops
  6987 | D:9      | Got a wavering amethyst amulet
  6989 | D:9      | Identified the amulet "Uptif" {Dismiss rElec rC+ Stlth-} (You found it on level 9 of the Dungeon)
  7245 | D:9      | Found a shattered altar of Ashenzari.
  7311 | D:9      | Noticed a hill giant
  7318 | D:9      | Killed a hill giant
  7346 | D:10     | Entered Level 10 of the Dungeon
  7848 | D:10     | Reached **** piety under Okawaru
  7905 | D:10     | Noticed a fire giant
  8135 | D:10     | Killed a fire giant
  8135 | D:10     | Reached XP level 11. HP: 111/111 MP: 10/10
  8338 | D:10     | Noticed a deep elf mage
  8347 | D:10     | Killed a deep elf mage
  8347 | D:10     | Reached skill level 11 in Unarmed Combat
  8750 | D:10     | Reached ***** piety under Okawaru
  8880 | D:11     | Noticed a hill giant
  9002 | D:11     | Found a deep blue altar of Sif Muna.
  9118 | D:11     | Noticed Harold
  9131 | D:11     | Killed Harold
  9214 | D:11     | Received a gift from Okawaru
  9548 | D:11     | Noticed an unseen horror
  9559 | D:11     | Killed an unseen horror
  9569 | D:11     | Found a staircase to the Orcish Mines.
  9678 | Orc:1    | Entered Level 1 of the Orcish Mines
  9701 | Orc:1    | Found Ferysuge's Assorted Antiques.
  9710 | Orc:1    | Bought a scroll of identify for 56 gold pieces
  9710 | Orc:1    | Bought a scroll labeled RAOM XESETS for 28 gold pieces
  9710 | Orc:1    | Bought a yellow potion for 25 gold pieces
  9710 | Orc:1    | Bought a ruby potion for 25 gold pieces
  9710 | Orc:1    | Bought a scroll labeled ATE AGIATOL for 28 gold pieces
  9740 | Orc:1    | Reached skill level 1 in Invocations
  9859 | Orc:2    | Entered Level 2 of the Orcish Mines
  9859 | Orc:2    | Noticed a stone giant
  9866 | Orc:2    | Killed a stone giant
  9866 | Orc:2    | Received a gift from Okawaru
  9919 | Orc:2    | Noticed barb4r1an's ghost (journeyman MiBe)
 10223 | Lair:1   | Entered Level 1 of the Lair of Beasts
 10316 | Lair:1   | Received a gift from Okawaru
 10327 | Lair:1   | Got a crude quarterstaff {god gift}
 10471 | Lair:1   | Reached XP level 12. HP: 67/122 MP: 14/14
 10652 | Lair:1   | Reached skill level 5 in Invocations
 10932 | Lair:2   | Noticed an eight-headed hydra
 10936 | Lair:2   | Killed an eight-headed hydra
 11103 | Lair:2   | Gained mutation: Your muscles are strong. (Str +2) [potion of mutation]
 11103 | Lair:2   | Gained mutation: You are dopey. (Int -2) [potion of mutation]
 11904 | Lair:3   | Received a gift from Okawaru
 12257 | Lair:3   | Reached skill level 1 in Staves
 12370 | Lair:3   | Reached skill level 1 in Stealth
 12535 | Lair:3   | Noticed a seven-headed hydra
 13114 | Lair:4   | Found a staircase to the Swamp.
 13115 | Lair:4   | Identified the +1 quarterstaff "Qehuudy" {antimagic, rPois} (Okawaru gifted it to you on level 1 of the Lair of Beasts)
 13215 | Lair:4   | HP: 2/123 [yak (7)]
 13217 | Lair:4   | Slain by a yak

Vault maps used:
D:1:      lemuel_arrival_lava_pool
D:2:      fiery_altar_vehumet, makhleb_altar_promises_db,
          overflow_temple_1_default, marbit_many_paths, uniq_jessica,
          uniq_terence, uniq_sigmund
D:3:      first_bread, uniq_iyjb
D:4:      lemuel_round_altar, serial_shops, nicolae_shop_crystal
D:5:      slow_altar_1, uniq_menkaure
D:6:      old_standard_altar, minmay_temple_entry_trees, grunt_pakellas_basics,
          uniq_blork_the_orc
D:7:      enter_bailey_7, uniq_prince_ribbit1, uniq_joseph
D:8:      david_nohive_1
D:9:      lemuel_coloured_pillars_altar, lair_0_dummy,
          minmay_hollow_rounded_squares
D:11:     orc_0_dummy, basic_altar, st_stairs_5, hangedman_decor_slide_cut,
          uniq_harold
Temple:   circular_temple_12
Lair:1:   lemuel_fruit_tree, grunt_megastairs_2
Lair:3:   minivault_27, grunt_megastairs_3, infiniplex_staircase_pool
Lair:4:   swamp_mist
Orc:1:    serial_shops, shop
Orc:2:    pf_orc_diabolical, uniq_snorg
Bailey:   bailey_axe_bossmonster_kennysheep, bailey

Skill      XL: |  1  2  3  4  5  6  7  8  9 10 11 12 |
---------------+-------------------------------------+-----
Unarmed Combat | 1 4 8 9 10 11 | 11.5
Fighting       | 2 6 7 8 9 |  9.2
Dodging        | 5 6 7 |  7.3
Throwing       | 4 5 6 7 8 |  8.6
Invocations    | 4 8 |  8.0
Staves         | 2 |  2.2
Stealth        | 2 |  2.1

Action                   |  1- 3 |  4- 6 |  7- 9 | 10-12 || total
-------------------------+-------+-------+-------+-------++-------
Melee: Unarmed           |    40 |    92 |   328 |   686 ||  1146
       Punch             |       |     2 |    13 |    43 ||    58
Throw: Large rock        |     5 |     1 |    27 |    45 ||    78
       Throwing net      |     1 |       |     1 |       ||     2
Invok: Heroism           |       |       |     1 |    13 ||    14
Evoke: Wand              |       |       |       |     2 ||     2
  Use: Potion            |     2 |     1 |     4 |     8 ||    15
       Scroll            |       |     4 |    19 |    14 ||    37
 Stab: Invisible         |       |       |     1 |       ||     1
       Held in net/web   |       |       |     2 |       ||     2
       Sleeping          |       |       |       |     5 ||     5
       Distracted        |       |       |       |     1 ||     1
  Eat: Chunk             |    10 |     8 |    39 |    56 ||   113
       Fruit             |       |       |     3 |     6 ||     9
       Beef jerky        |       |       |       |     3 ||     3
       Royal jelly       |       |       |       |     1 ||     1
       Pizza             |       |       |       |     1 ||     1
Armor: Robe              |    20 |    31 |    90 |   131 ||   272
Dodge: Dodged            |    35 |    62 |   279 |   526 ||   902
